AoeStats
← Undead

Arena

510411316Analyzed
3v3 RM · 16h ago on Sep 30, 2026· 42m 48s· 6 players
Game mode
Random Map
Map size
Normal (6 player)
Population
200
Speed
Normal
Resources
Standard
Victory
Conquest
Starting age
Dark Age
Ending age
Imperial Age
RankedLock teamsTeams togetherTeam positionsShared explorationLock speedFull tech treeHidden civsTurbo modeCheats
Victory
Defeat
🇺🇸 Koreans · United States
1078
+15
🇪🇬 Celts · Egypt
1054
+16
🇨🇦 Italians · Canada
994
+17
🇮🇳 Persians · India
1327
-27
🇮🇳 Spanish · India
908
-11
🇮🇳 Burgundians · India
891
-29
trashypanda
9:30 Feudal Age
8:49 Loom
13:32 Castle Age
12:48 Double-Bit Axe
12:59 Gold Mining
13:02 Loom
14:24 Horse Collar
16:32 Bow Saw
19:24 Fletching
21:16 Heavy Plow
21:50 Bodkin Arrow
26:25 Wheelbarrow
31:46 Imperial Age
30:53 Hand Cart
31:41 Padded Archer Armor
32:42 Bracer
33:05 Ballistics
33:46 Chemistry
33:11 Fortified Wall
33:16 Masonry
33:18 Elite Genoese Crossbowman
38:07 Architecture
38:01 Bombard Tower
39:57 Hoardings
Assem
9:41 Feudal Age
10:12 Double-Bit Axe
10:10 Horse Collar
16:39 Castle Age
18:03 Bow Saw
21:45 Heavy Plow
21:38 Gold Mining
24:13 Wheelbarrow
25:34 Hand Cart
26:33 Man-at-Arms
26:58 Gambesons
31:37 Imperial Age
28:52 Long Swordsman
30:14 Forging
30:09 Scale Barding Armor
30:05 Padded Archer Armor
30:05 Light Cavalry
30:46 Husbandry
30:59 Pikeman
32:51 Iron Casting
32:06 Fletching
31:42 Halberdier
33:32 Gold Shaft Mining
32:47 Stone Mining
32:43 Cavalier
35:05 Blast Furnace
34:01 Bodkin Arrow
35:46 Arson
35:23 Two-Handed Swordsman
37:05 Leather Archer Armor
36:51 Scale Mail Armor
37:09 Leather Archer Armor
36:35 Champion
37:12 Loom
37:58 Hussar
38:28 Crossbowman
40:54 Paladin
My Baby Shot Me Down
10:36 Feudal Age
15:24 Castle Age
13:19 Stone Mining
13:29 Loom
13:30 Double-Bit Axe
13:49 Horse Collar
16:39 Bow Saw
18:05 Heavy Plow
18:33 Gold Mining
24:28 Fletching
25:04 Town Watch
26:06 Wheelbarrow
26:48 Bodkin Arrow
27:24 Hand Cart
29:29 Gold Shaft Mining
35:47 Imperial Age
35:16 Scale Mail Armor
35:27 Forging
35:47 Pikeman
36:28 Squires
36:46 Chain Mail Armor
38:28 Two-Man Saw
38:22 Halberdier
40:00 Iron Casting
39:55 Plate Mail Armor
40:29 Conscription
41:16 Heavy Rocket Cart
Undead
8:31 Loom
10:32 Feudal Age
14:16 Castle Age
12:30 Double-Bit Axe
13:20 Horse Collar
17:53 Bow Saw
25:16 Scale Barding Armor
27:51 Imperial Age
26:22 Chain Barding Armor
27:10 Bloodlines
27:03 Husbandry
28:50 Wheelbarrow
27:47 Cavalier
29:15 Plate Barding Armor
29:14 Heavy Plow
30:18 Hand Cart
30:01 Loom
30:03 Town Watch
31:45 Forging
33:36 Gold Mining
33:37 Stone Mining
34:59 Savar
37:57 Iron Casting
38:41 Fletching
38:52 Padded Archer Armor
38:45 Elite Skirmisher
40:17 Conscription
39:20 Elite Skirmisher
41:41 Thumb Ring
Degenereat Potato
11:09 Feudal Age
10:35 Double-Bit Axe
10:33 Horse Collar
16:25 Castle Age
15:41 Heavy Plow
17:19 Bow Saw
20:18 Wheelbarrow
19:30 Loom
20:34 Bow Saw
27:19 Elite Skirmisher
27:57 Fletching
28:07 Padded Archer Armor
37:09 Imperial Age
38:56 Chemistry
DiguMX
14:08 Feudal Age
14:42 Horse Collar
18:07 Castle Age
25:19 Gold Mining
27:46 Redemption
Connection lost

Rejoining the realm…

Still unreachable

The connection could not be restored.

Session expired

The server has moved on; the page needs a fresh start.